 Dungeon Crawl Stone Soup version 0.23.0 (webtiles) character file.

Game seed: 408826680340039279

107352 LLavrengius the Warrior (level 16, -10/232 HPs)
             Began as a Grey Draconian Earth Elementalist on Feb 11, 2019.
             Was a High Priest of Sif Muna.
             Mangled by an imperial myrmidon
             ... wielding a +0 scimitar
              (14 damage)
             ... in the Desolation of Salt on Feb 12, 2019.
             The game lasted 03:24:31 (32981 turns).

LLavrengius the Warrior (DrEE)                     Turns: 32981, Time: 03:24:32

Health: -10/232    AC: 21    Str: 22    XL:     16   Next: 0%
Magic:  5/32       EV: 20    Int: 20    God:    Sif Muna [*****.]
Gold:   1251       SH:  7    Dex: 16    Spells: 3/39 levels left

rFire    . . .     SeeInvis .   f - +7 dagger of Porietz {freeze, MR+ Str+3}
rCold    . . .     Gourm    .   r - +0 buckler
rNeg     . . .     Faith    .   (armour unavailable)
rPois    .         Spirit   .   v - +1 hat {MR+}
rElec    .         Reflect  +   D - scarf {repulsion}
rCorr    +         Harm     .   R - +0 pair of gloves
MR       +++..                  u - +1 pair of boots
Stlth    ..........             I - +2 amulet of reflection
HPRegen  0.48/turn              G - +3 ring of protection
MPRegen  0.23/turn              Z - ring of resist corrosion

@: agile, berserking, divine energy, repel missiles, very quick
A: walk through water, unfitting armour, unbreathing, cold-blooded, AC +14
a: Stop Divine Energy, Channel Magic, Forget Spell, Renounce Religion


You were in the Desolation of Salt.
You worshipped Sif Muna.
Sif Muna was extremely pleased with you.
You were not hungry.

You visited 6 branches of the dungeon, and saw 26 of its levels.
You also visited: Gauntlet, Ice Cave, Volcano and Desolation.

You collected 2477 gold pieces.
You spent 1226 gold pieces at shops.

Inventory:

Hand Weapons
 e - a +2 dagger of venom
 f - the +7 dagger of Porietz (weapon) {freeze, MR+ Str+3}
   (You bought it in a shop on level 2 of the Orcish Mines)

   It has been specially enchanted to freeze those struck by it, causing extra
   injury to most foes and up to half again as much damage against particularly
   susceptible opponents.
   It can also slow down cold-blooded creatures.
   It affects your strength (+3).
   It affects your resistance to hostile enchantments.
 H - a +2 short sword of protection
 T - a +4 spear of freezing
Missiles
 b - 96 stones (quivered)
 g - 3 throwing nets
Armour
 r - a +0 buckler (worn)
 u - a +1 pair of boots (worn)
 v - a +1 hat of magic resistance (worn)
 D - a scarf of repulsion (worn)
 R - a +0 pair of gloves (worn)
Jewellery
 F - an uncursed ring of fire
 G - a +3 ring of protection (left hand)
 I - a +2 amulet of reflection (around neck)
 N - the ring of Bew Nau {rElec rN+ MR+ Str+3 Int+4 Stlth-}
   (You found it in a Gauntlet)

   [ring of positive energy]

   It affects your strength (+3).
   It affects your intelligence (+4).
   It insulates you from electricity.
   It protects you from negative energy.
   It affects your resistance to hostile enchantments.
   It makes you less stealthy.
 Z - a ring of resist corrosion (right hand)
Wands
 m - a wand of iceblast (5)
 p - a wand of polymorph (14)
 w - a wand of clouds (4)
 C - a wand of flame (57)
 E - a wand of digging (6)
Scrolls
 n - 9 scrolls of remove curse
 A - 5 scrolls of fog
 K - 3 scrolls of immolation
 Q - 7 scrolls of enchant weapon
 U - 2 scrolls of vulnerability
 W - a scroll of holy word
 X - 3 scrolls of fear
 Y - 6 scrolls of identify
Potions
 a - a potion of resistance
 d - 3 potions of might
 k - 3 potions of mutation
 q - 2 potions of cancellation
 s - 4 potions of berserk rage
 t - 4 potions of brilliance
 x - a potion of haste
 z - 6 potions of curing
 L - a potion of magic
 V - 7 potions of flight
Miscellaneous
 l - a sack of spiders
 S - a lamp of fire (inert)
Comestibles
 c - 25 rations


   Skills:
 - Level 17.1 Fighting
 + Level 4.4 Dodging
 - Level 1.7 Stealth
 - Level 5.0 Shields
 - Level 12.0 Spellcasting
 - Level 6.0 Conjurations
 - Level 8.0 Transmutations
 + Level 16.9 Earth Magic
 - Level 8.0 Poison Magic


You had 3 spell levels left.
You knew the following spells:

 Your Spells              Type           Power        Failure   Level  Hunger
a - Sandblast             Erth           ######       0%          1    None
b - Passwall              Tmut/Erth      ######..     1%          2    None
c - Lee's Rapid Deconstr  Erth           ######....   1%          5    ####...
d - Petrify               Tmut/Erth      ######..     1%          4    #......
e - Mephitic Cloud        Conj/Pois/Air  ####....     2%          3    None
f - Olgreb's Toxic Radia  Pois           #####...     1%          4    #......
g - Statue Form           Tmut/Erth      ######...    5%          6    ######.
h - Bolt of Magma         Conj/Fire/Erth #####.....   7%          5    ####...
i - Iron Shot             Conj/Erth      ######....   8%          6    ######.

Your spell library contained the following spells:

 Spells                   Type           Power        Failure   Level  Hunger
 Beastly Appendage        Tmut           #####.       1%          1    None
 Magic Dart               Conj           ####         1%          1    None
 Shock                    Conj/Air       ###.         1%          1    None
 Sting                    Conj/Pois      ####         1%          1    None
 Poisonous Vapours        Pois/Air       ####..       1%          2    None
 Stone Arrow              Conj/Erth      ######       1%          3    None
 Conjure Flame            Conj/Fire      ###.....     4%          3    None
 Dazzling Spray           Conj/Hex       ###...       4%          3    None
 Animate Skeleton         Necr           N/A          5%          1    None
 Apportation              Tloc           ##....       5%          1    None
 Confusing Touch          Hex            ##....       5%          1    None
 Corona                   Hex            ##.....      5%          1    None
 Pain                     Necr           ##..         5%          1    None
 Summon Butterflies       Summ           ##......     5%          1    None
 Summon Small Mammal      Summ           ##..         5%          1    None
 Blink                    Tloc           N/A          9%          2    None
 Call Imp                 Summ           ##......     9%          2    None
 Ensorcelled Hibernation  Hex/Ice        ##....       9%          2    None
 Slow                     Hex            ##......     9%          2    None
 Call Canine Familiar     Summ           ##......     17%         3    None
 Confuse                  Hex            ##......     17%         3    None
 Inner Flame              Hex/Fire       ##......     17%         3    None
 Lesser Beckoning         Tloc           ##........   17%         3    None
 Portal Projectile        Hex/Tloc       ##....       17%         3    None
 Regeneration             Chrm/Necr      ##........   17%         3    None
 Summon Guardian Golem    Hex/Summ       ##......     17%         3    None
 Tukima's Dance           Hex            ##......     17%         3    None
 Vampiric Draining        Necr           ##........   17%         3    None
 Leda's Liquefaction      Hex/Erth       #####.....   1%          4    #......
 Iskenderun's Mystic Bla  Conj           #####...     4%          4    #......
 Alistair's Intoxication  Tmut/Pois      #####...     6%          5    ####...
 Irradiate                Conj/Tmut      #####.....   9%          5    ####...
 Venom Bolt               Conj/Pois      #####.....   9%          5    ####...
 Throw Icicle             Conj/Ice       ###.....     16%         4    #......
 Yara's Violent Unravell  Hex/Tmut       ####......   30%         5    ####...
 Poison Arrow             Conj/Pois      #####.....   43%         6    ######.
 Animate Dead             Necr           N/A          50%         4    #......
 Cause Fear               Hex            ##........   50%         4    #......
 Summon Ice Beast         Ice/Summ       ##......     50%         4    #......
 Summon Lightning Spire   Summ/Air       ##......     50%         4    #......
 Metabolic Englaciation   Hex/Ice        ##........   83%         5    ####...
 Silence                  Hex/Air        ##........   83%         5    ####...
 Dragon Form              Tmut           #####.....   87%         7    #######
 Bolt of Cold             Conj/Ice       ###.......   94%         6    ######.
 Lehudib's Crystal Spear  Conj/Erth      ######....   98%         8    #######
 Orb of Destruction       Conj           #####.....   99%         7    #######
 Shatter                  Erth           ######....   99%         9    #######
 Deflect Missiles         Chrm/Air       ##........   100%        6    ######.
 Invisibility             Hex            ##......     100%        6    ######.
 Spellforged Servitor     Conj/Summ      ###.......   100%        7    #######
 Discord                  Hex            ##........   100%        8    #######


Dungeon Overview and Level Annotations

Branches:
Dungeon (15/15)            Temple (1/1) D:7            Lair (6/6) D:11
 Shoals (0/4) Lair:3       Spider (1/4) Lair:2        Slime (0/5) Lair:5
    Orc (2/2) D:12            Elf (1/3) Orc:2        Vaults (0/5) D:13
 Depths (0/5) D:15

Altars:
Cheibriados
Dithmenos
Fedhas
Gozag
Hepliaklqana
Kikubaaqudgha
Okawaru
Qazlal
Ru
Sif Muna
Trog
Vehumet
Wu Jian
Zin
The Shining One
Beogh

Shops:
D:6 =   D:8 *   D:10 %:(?[   D:12 *   Orc:2 %(!?

Annotations:
Lair:6 exclusion: oklob plant
Spider:1 Asterion
Elf:1 Frances


Innate Abilities, Weirdness & Mutations

You can walk through water.
Your dull iron-grey scales are very hard. (AC +14)
You cannot fit into any form of body armour.
You can survive without breathing.
You are cold-blooded and may be slowed by cold attacks.


Message History

Your +1 pair of boots unmelds from your body.
The saltling closely misses you.
The imperial myrmidon closely misses you.
You block the imperial myrmidon's attack.
The saltling barely misses you. The saltling closely misses you.
You block the saltling's attack. x2
You block the imperial myrmidon's attack.
The imperial myrmidon hits you with a +0 scimitar!
* * * LOW HITPOINT WARNING * * *
The saltling hits you but does no damage.
Unknown command.
A red film seems to cover your vision as you go berserk!
You feel yourself moving faster!
You feel mighty!
The peacekeeper roars!
The guardian serpent gestures with its tail.
The saltling hits you but does no damage.
You block the saltling's attack. The saltling closely misses you. x2
The imperial myrmidon hits you but does no damage.
The imperial myrmidon hits you with a +0 scimitar!
You die...

§.§.#............
§§§§§............
##########§§§#...........
#..:.)[[.#.§.............
#........#.........#.....
....8.......... #.....
#....#...8....
..#....#p8......
§.....Sp@8......
#......88#......
#)....:.)# .....
########## .... #.. .


You could see 2 imperial myrmidons, a peacekeeper, a guardian serpent and 4
saltlings.

Vanquished Creatures
  Kirke (Lair:5)
  Agnes (D:15)
  A frost giant (IceCv)
  Louise (D:15)
  Nessos (Lair:6)
  Azrael (D:15)
  A minotaur (Gauntlet)
  2 ettins
  A death ooze (Gauntlet)
  A ragged hierophant (Desolation)
  4 hydras
  A catoblepas (Gauntlet)
  3 two-headed ogres
  Erica (D:8)
  3 dancing weapons (Elf:1)
  3 centaur warriors
  2 tengu warriors (D:15)
  A hell hog (Volcano)
  Urug (Lair:5)
  2 deep elf knights
  A fire crab (Volcano)
  Sonja (Orc:2)
  2 unseen horrors
  A wizard (D:13)
  6 orc knights
  A wolf spider zombie (D:15)
  An orb spider (Lair:2)
  3 orc sorcerers
  A necromancer (D:13)
  4 deep elf magi
  2 oklob plants (Lair:5)
  2 cyclopes (D:13)
  10 ugly things
  3 elephants (Lair:6)
  3 manticores
  3 centaur zombies
  A guardian serpent (Desolation)
  2 ice statues (IceCv)
  6 black mambas
  3 gargoyles
  2 rime drakes (Lair:3)
  11 spiny frogs
  2 molten gargoyles
  4 centaur skeletons
  A komodo dragon (shapeshifter) (D:15)
  A freezing wraith (D:15)
  A kobold demonologist (D:13)
  8 komodo dragons
  2 tengu conjurers (D:15)
  6 trolls
  3 meliai (D:15)
  5 hornets (Lair:6)
  16 polar bears
  17 blink frogs
  5 saltlings (Desolation)
  A snapping turtle (Lair:3)
  3 dream sheep
  7 hippogriffs
  19 slime creatures
  13 spriggans (Lair:6)
  A shadow (D:14)
  3 wyverns
  A centaur simulacrum (D:15)
  Eustachio (D:6)
  5 hogs (Lair:5)
  57 yaks
  2 hungry ghosts
  4 steam dragons
  A basilisk (Lair:2)
  3 fire bats (Volcano)
  2 wraiths
  A golden eye (shapeshifter) (Elf:1)
  Grum (D:11)
  8 vampire mosquitoes
  5 wargs
  Duvessa (D:6)
  14 porcupines
  3 swamp worms (Gauntlet)
  4 hell hounds (D:15)
  An acid dragon (D:11)
  15 water moccasins
  An ice beast (shapeshifter) (D:13)
  3 sky beasts
  45 orc warriors
  An eye of draining (D:13)
  4 ice beasts
  5 black bears
  33 wolves
  2 phantoms
  13 ogres
  4 boggarts (Lair:6)
  16 crocodiles
  17 centaurs
  11 big kobolds
  Blork the orc (D:6)
  2 gnoll sergeants
  17 bullfrogs
  5 scorpions
  Dowan (D:6)
  17 killer bees
  6 wights
  9 howler monkeys
  2 electric eels (Lair:5)
  10 crimson imps
  A quasit (D:2)
  7 lava snakes (Volcano)
  A bullfrog zombie (D:5)
  A jelly (D:6)
  7 hounds
  14 orc wizards
  4 iguanas
  9 orc priests
  Ijyb (D:5)
  Natasha (twice) (D:2)
  3 worker ants
  A hound zombie (D:9)
  A howler monkey skeleton (D:10)
  2 worker ant zombies
  13 gnolls
  17 adders
  3 shadow imps
  12 white imps (Lair:3)
  An ooze (D:1)
  3 adder skeletons
  3 worms
  2 dart slugs
  5 leopard geckos
  78 orcs
  10 giant cockroaches
  9 hobgoblins
  12 jackals
  23 kobolds
  6 quokkas
  4 bats
  2 frilled lizards (D:2)
  9 goblins
  A jackal skeleton (D:8)
  7 rats
  A fungus (D:9)
848 creatures vanquished.

Vanquished Creatures (others)
  An elephant (Lair:6)
  A molten gargoyle (Gauntlet)
  32 fungi
  13 plants
  3 toadstools (D:9)
50 creatures vanquished.

Grand Total: 898 creatures vanquished

Notes
Turn   | Place    | Note
-------+----------+-------------------------------------------
     0 | D:1      | LLavrengius the Draconian Earth Elementalist began the
                  | quest for the Orb.
     0 | D:1      | Reached XP level 1. HP: 14/14 MP: 3/3
   221 | D:1      | Reached XP level 2. HP: 19/22 MP: 5/5
   226 | D:1      | Reached skill level 1 in Fighting
   915 | D:2      | Reached XP level 3. HP: 20/28 MP: 7/7
  1417 | D:2      | Noticed Natasha
  1425 | D:2      | Reached skill level 2 in Fighting
  1426 | D:2      | Killed Natasha
  1426 | D:2      | Reached XP level 4. HP: 30/37 MP: 3/8
  1431 | D:2      | Learned a level 2 spell: Passwall
  1687 | D:2      | Reached skill level 3 in Fighting
  1706 | D:2      | Noticed Natasha
  1710 | D:2      | Killed Natasha
  1710 | D:2      | Reached XP level 5. HP: 42/45 MP: 2/9
  1771 | D:2      | Learned a level 5 spell: Lee's Rapid Deconstruction
  1774 | D:3      | Found an ornate altar of the Wu Jian Council.
  1775 | D:3      | Found a glowing golden altar of the Shining One.
  2095 | D:3      | Found a shadowy altar of Dithmenos.
  2119 | D:3      | Found a stormy altar of Qazlal.
  2179 | D:3      | Reached skill level 4 in Fighting
  2432 | D:3      | Reached XP level 6. HP: 52/52 MP: 4/10
  2577 | D:3      | Found a glowing silver altar of Zin.
  2979 | D:4      | Reached skill level 5 in Earth Magic
  3186 | D:4      | Found a bloodstained altar of Trog.
  3553 | D:4      | Reached skill level 5 in Fighting
  3655 | D:4      | Your scales start taking on a dull iron-grey colour.
  3655 | D:4      | Reached XP level 7. HP: 61/61 MP: 11/11
  3655 | D:4      | Gained mutation: You can survive without breathing. [Grey
                  | Draconian growth]
  3661 | D:4      | Learned a level 4 spell: Petrify
  4092 | D:5      | Entered Level 5 of the Dungeon
  4092 | D:5      | Noticed Ijyb
  4095 | D:5      | Killed Ijyb
  4276 | D:5      | Reached skill level 6 in Fighting
  4471 | D:5      | Reached XP level 8. HP: 64/71 MP: 4/12
  4539 | D:5      | Reached skill level 7 in Fighting
  4868 | D:6      | Found an ancient bone altar of Kikubaaqudgha.
  5144 | D:6      | Noticed Dowan
  5144 | D:6      | Noticed Duvessa
  5147 | D:6      | Killed Dowan
  5167 | D:6      | Killed Duvessa
  5167 | D:6      | Reached skill level 8 in Fighting
  5434 | D:6      | Reached skill level 10 in Earth Magic
  5438 | D:6      | Reached skill level 9 in Fighting
  5626 | D:6      | Found Necwued's Jewellery Boutique.
  5637 | D:6      | Bought a +3 ring of protection for 294 gold pieces
  5642 | D:6      | Noticed Eustachio
  5646 | D:6      | Killed Eustachio
  5646 | D:6      | Reached skill level 1 in Shields
  5646 | D:6      | Reached XP level 9. HP: 83/83 MP: 5/13
  5656 | D:6      | Noticed Blork the orc
  5667 | D:6      | Killed Blork the orc
  6143 | D:7      | Found a staircase to the Ecumenical Temple.
  6148 | Temple   | Entered the Ecumenical Temple
  6228 | Temple   | Became a worshipper of Sif Muna the Loreminder
  6663 | D:8      | Reached skill level 10 in Fighting
  6762 | D:8      | Noticed Erica
  6800 | D:8      | Killed Erica
  7060 | D:8      | Reached skill level 5 in Shields
  7061 | D:8      | Reached XP level 10. HP: 94/94 MP: 4/17
  7063 | D:8      | Reached * piety under Sif Muna
  7251 | D:8      | Reached skill level 5 in Spellcasting
  7301 | D:8      | Found Kyeco's General Store.
  7306 | D:8      | Bought a potion of curing for 42 gold pieces
  7454 | D:8      | Reached skill level 11 in Fighting
  7548 | D:8      | Noticed a three-headed hydra
  7564 | D:8      | Killed a three-headed hydra
  8040 | D:9      | Found a hazy altar of Hepliaklqana.
  8355 | D:9      | Learned a level 3 spell: Mephitic Cloud
  8364 | D:9      | Noticed a two-headed ogre
  8381 | D:9      | Killed a two-headed ogre
  8381 | D:9      | Reached ** piety under Sif Muna
  8381 | D:9      | Reached skill level 1 in Poison Magic
  8472 | D:9      | Found a blossoming altar of Fedhas.
  8503 | D:9      | Reached skill level 12 in Fighting
  8644 | D:9      | Noticed a two-headed ogre
  8649 | D:9      | Killed a two-headed ogre
  8649 | D:9      | Reached XP level 11. HP: 76/104 MP: 5/21
  9097 | D:10     | Entered Level 10 of the Dungeon
  9412 | D:10     | Learned a level 4 spell: Olgreb's Toxic Radiance
  9441 | D:10     | Found Alisaeg's Weapon Boutique.
  9610 | D:10     | Found Ynyixan's Magic Scroll Shoppe.
  9623 | D:10     | Found Waoge's Book Shop.
  9731 | D:10     | Found Osaanos's Armour Shoppe.
  9735 | D:10     | Bought a +0 pair of gloves for 63 gold pieces
  9894 | D:10     | Found Woexygal's Food Boutique.
 10108 | D:11     | Noticed a four-headed hydra
 10115 | D:11     | Killed a four-headed hydra
 10115 | D:11     | Reached *** piety under Sif Muna
 10645 | D:11     | Reached skill level 5 in Poison Magic
 10901 | D:11     | Reached skill level 13 in Fighting
 11035 | D:11     | Found a staircase to the Lair.
 11144 | D:11     | Killed an unseen horror
 11316 | D:11     | Noticed Grum
 11331 | D:11     | Killed Grum
 11914 | D:11     | Noticed a green ugly thing
 11923 | D:11     | Killed a green ugly thing
 11923 | D:11     | Reached **** piety under Sif Muna
 11923 | D:11     | Reached XP level 12. HP: 91/115 MP: 17/24
 12719 | D:12     | Noticed a centaur warrior
 12730 | D:12     | Found Rudaon Ream's Assorted Antiques.
 13220 | D:12     | Bought a scroll labeled YQECKO YNUE for 33 gold pieces
 13220 | D:12     | Bought a scroll labeled TIANUG QEPT for 33 gold pieces
 13220 | D:12     | Bought a scroll labeled XABBIA COFILOGG for 33 gold pieces
 13220 | D:12     | Identified 2 scrolls of acquirement
 13512 | D:12     | Killed a centaur warrior
 13515 | D:12     | Reached ***** piety under Sif Muna
 13785 | D:12     | Found a staircase to the Orcish Mines.
 13791 | D:12     | Reached skill level 14 in Fighting
 13798 | D:12     | Received a gift from Sif Muna
 14434 | Lair:1   | Entered Level 1 of the Lair of Beasts
 14527 | Lair:1   | Found a dark tunnel.
 14535 | Volcano  | Entered a volcano
 14804 | Volcano  | Found a burning altar of Makhleb.
 14804 | Volcano  | Noticed a hell hog
 14808 | Volcano  | Reached skill level 10 in Spellcasting
 14810 | Volcano  | Killed a hell hog
 15945 | Lair:1   | Reached XP level 13. HP: 114/125 MP: 16/27
 16306 | Lair:1   | Noticed a fire dragon
 16856 | Lair:2   | Reached skill level 5 in Transmutations
 17150 | Lair:2   | Found a hole to the Spider Nest.
 17864 | Lair:2   | Learned a level 6 spell: Statue Form
 17930 | Lair:3   | Found a staircase to the Shoals.
 17957 | Lair:3   | Reached skill level 15 in Fighting
 18020 | Lair:3   | Found a frozen archway.
 18044 | IceCv    | Entered an ice cave
 18053 | IceCv    | Received a gift from Sif Muna
 18990 | IceCv    | Noticed a frost giant
 19256 | IceCv    | Learned a level 5 spell: Bolt of Magma
 19661 | IceCv    | Killed a frost giant
 20844 | Lair:4   | Reached skill level 1 in Conjurations
 21292 | Lair:5   | Reached XP level 14. HP: 134/136 MP: 23/28
 21913 | Lair:5   | Noticed Kirke
 21924 | Lair:5   | Noticed a sphinx
 21928 | Lair:5   | Noticed a sphinx
 21928 | Lair:5   | Killed Kirke
 22167 | Lair:5   | Noticed Urug
 22177 | Lair:5   | Killed Urug
 22319 | Lair:5   | Reached skill level 16 in Fighting
 22324 | Lair:5   | Identified Qanty's Collected Works on Glacial Combat Magic
                  | (Sif Muna gifted it to you on level 5 of the Lair of
                  | Beasts)
 22324 | Lair:5   | Received a gift from Sif Muna
 22418 | Lair:5   | Found a staircase to the Slime Pits.
 22598 | Lair:6   | Entered Level 6 of the Lair of Beasts
 22608 | Lair:6   | Noticed Nessos
 22618 | Lair:6   | Killed Nessos
 23465 | Lair:6   | Reached skill level 5 in Conjurations
 24075 | Lair:6   | Identified Sif Muna's Volume of Confrontation (Sif Muna
                  | gifted it to you on level 6 of the Lair of Beasts)
 24075 | Lair:6   | Received a gift from Sif Muna
 24642 | Orc:1    | Entered Level 1 of the Orcish Mines
 25713 | Orc:2    | Entered Level 2 of the Orcish Mines
 25715 | Orc:2    | Found a staircase to the Elven Halls.
 25716 | Orc:2    | Noticed Sonja
 25727 | Orc:2    | Killed Sonja
 26162 | Orc:2    | Found Usesuog's Magic Scroll Shoppe.
 26162 | Orc:2    | Found Ofepp's Distillery.
 26226 | Orc:2    | Bought a potion of magic for 96 gold pieces
 26271 | Orc:2    | Found a roughly hewn altar of Beogh.
 26292 | Orc:2    | Reached skill level 17 in Fighting
 26441 | Orc:2    | Reached XP level 15. HP: 147/147 MP: 1/29
 26609 | Orc:2    | Found Ecoann's Food Shop.
 26609 | Orc:2    | Found Zunuim's Weapon Shoppe.
 27181 | Orc:2    | Bought the +7 dagger of Porietz {freeze, MR+ Str+3} for 632
                  | gold pieces
 27352 | Spider:1 | Entered Level 1 of the Spider Nest
 27352 | Spider:1 | Noticed Asterion
 27438 | D:13     | Found a gate leading to a gauntlet.
 27447 | Gauntlet | Entered a Gauntlet
 27447 | Gauntlet | Found a runed translucent door.
 27447 | Gauntlet | Found a transporter.
 27447 | Gauntlet | Found a runed translucent door.
 27447 | Gauntlet | Found a transporter.
 27449 | Gauntlet | Found a transporter.
 27449 | Gauntlet | Found a transporter.
 27453 | Gauntlet | Found a transporter.
 27453 | Gauntlet | Found a transporter.
 27487 | Gauntlet | Found a transporter.
 27491 | Gauntlet | Found a transporter.
 27500 | Gauntlet | Found a transporter.
 27515 | Gauntlet | Found a transporter.
 27529 | Gauntlet | Found a transporter.
 27533 | Gauntlet | Found a transporter.
 27706 | Gauntlet | Reached skill level 15 in Earth Magic
 27767 | Gauntlet | Got a steaming platinum ring
 28007 | Gauntlet | Identified the ring of Bew Nau {rElec rN+ MR+ Str+3 Int+4
                  | Stlth-} (You found it in a Gauntlet)
 28416 | D:13     | You fall through a shaft for 2 floors!
 28416 | D:15     | Entered Level 15 of the Dungeon
 28509 | D:15     | Found a staircase to the Depths.
 29433 | D:13     | Identified Sif Muna's Reference Book on Mutagenic
                  | Confrontation (Sif Muna gifted it to you on level 13 of the
                  | Dungeon)
 29433 | D:13     | Received a gift from Sif Muna
 29444 | D:13     | Learned a level 6 spell: Iron Shot
 29974 | D:13     | Found a gate to the Vaults.
 30828 | D:15     | Noticed Louise
 30857 | D:15     | Killed Louise
 31149 | D:15     | Noticed Azrael
 31200 | D:15     | Killed Azrael
 31824 | D:15     | Noticed Agnes
 31835 | D:15     | Killed Agnes
 32415 | Elf:1    | Entered Level 1 of the Elven Halls
 32447 | Elf:1    | Found a radiant altar of Vehumet.
 32464 | Elf:1    | Noticed Frances
 32526 | Elf:1    | Found a ruined gateway.
 32570 | Desolati | Entered the Desolation of Salt
 32971 | Desolati | Reached XP level 16. HP: 19/155 MP: 1/32
 32980 | Desolati | HP: 2/155 [imperial myrmidon/+0 scimitar (17)]
 32981 | Desolati | Mangled by an imperial myrmidon

Skill      XL: |  1  2  3  4  5  6  7  8  9 10 11 12 13 14 15 |
---------------+----------------------------------------------+-----
Fighting       | 1 2 3 4 5 6 9 10 12 13 14 15 17 | 17.1
Spellcasting   | 3 4 7 8 10 12 | 12.0
Earth Magic    | 4 6 8 10 12 14 16 | 16.9
Shields        | 1 5 |  5.0
Dodging        | 2 4 |  4.4
Transmutations | 3 4 7 8 |  8.0
Poison Magic   | 2 6 8 |  8.0
Conjurations   | 1 6 |  6.0
Stealth        | |  1.7

Action                   |  1- 3 |  4- 6 |  7- 9 | 10-12 | 13-15 | 16-18 || total
-------------------------+-------+-------+-------+-------+-------+-------++-------
Melee: Dagger            |    96 |   161 |   226 |   746 |  1158 |       ||  2387
       Tailslap          |     2 |    22 |    24 |   115 |   185 |       ||   348
       Spear             |       |       |       |    11 |       |       ||    11
       Short sword       |       |       |       |       |     4 |       ||     4
       Unarmed           |       |       |       |       |    14 |       ||    14
 Cast: Sandblast         |     7 |    39 |    59 |   143 |   335 |       ||   583
       Lee's Rapid Decon |       |       |    11 |    86 |   118 |       ||   215
       Passwall          |       |       |     1 |       |     1 |       ||     2
       Olgreb's Toxic Ra |       |       |       |     5 |    96 |       ||   101
       Bolt of Magma     |       |       |       |       |    30 |       ||    30
       Mephitic Cloud    |       |       |       |       |     5 |       ||     5
       Statue Form       |       |       |       |       |    28 |       ||    28
       Iron Shot         |       |       |       |       |    11 |       ||    11
Invok: Divine Energy     |       |       |       |     1 |       |       ||     1
Evoke: Wand              |       |       |       |       |     9 |       ||     9
       Lamp of fire      |       |       |       |       |     3 |       ||     3
  Use: Scroll            |       |       |    16 |    14 |    14 |     2 ||    46
       Potion            |       |       |       |     3 |    15 |     2 ||    20
 Stab: Sleeping          |     4 |     1 |     5 |     3 |     2 |       ||    15
       Distracted        |       |       |       |     1 |       |       ||     1
       Confused          |       |       |       |       |     5 |       ||     5
  Eat: Chunk             |     2 |     7 |    15 |    34 |    80 |       ||   138
       Ration            |       |       |       |     5 |     7 |       ||    12
Armor: Skin              |    37 |    69 |   137 |   402 |  1039 |     9 ||  1693
Dodge: Dodged            |    57 |   129 |   163 |   414 |  1014 |    13 ||  1790
       Deflected         |       |       |       |     2 |    24 |       ||    26
Block: Buckler           |       |       |    15 |   274 |   654 |    11 ||   954
       Reflection        |       |       |       |     2 |    14 |       ||    16
